 Dungeon Crawl Stone Soup version 0.23.2-33-g5129a83184 (webtiles) character file.

Game seed: 14183439365612319612

385 t4s4d4r the Slasher (level 6, 0/39 HPs)
             Began as an Octopode Gladiator on July 20, 2019.
             Slain by a hound (5 damage)
             ... on level 4 of the Dungeon.
             The game lasted 00:04:40 (3130 turns).

t4s4d4r the Slasher (Octopode Gladiator)            Turns: 3130, Time: 00:04:40

Health: 0/39       AC:  1    Str: 13    XL:     6   Next: 77%
Magic:  6/6        EV: 14    Int: 10    God:
Gold:   157        SH:  0    Dex: 16    Spells: 5/5 levels left

rFire    . . .     SeeInvis .   a - +0 long sword
rCold    . . .     Gourm    .   (no shield)
rNeg     . . .     Faith    .   b - +0 hat
rPois    .         Spirit   .   (no amulet)
rElec    .         Reflect  .   (no ring)
rCorr    .         Harm     .   (no ring)
MR       .....                  (no ring)
Stlth    ++........             (no ring)
HPRegen  0.13/turn              (no ring)
MPRegen  0.10/turn              (no ring)
                                (no ring)
                                (no ring)

@: no status effects
A: almost no armour, stealthy swim, amphibious, 8 rings, constrict 8, camouflage
1, gelatinous body 1
a: no special abilities


You were on level 4 of the Dungeon.
You were very hungry.

You visited 1 branch of the dungeon, and saw 4 of its levels.

You collected 157 gold pieces.

Inventory:

Hand Weapons
 a - a +0 long sword (weapon)
Missiles
 c - 3 throwing nets (quivered)
Armour
 b - a +0 hat (worn)
Jewellery
 p - an uncursed amulet of harm {unknown}
Scrolls
 f - 2 scrolls of identify {unknown}
 g - 4 scrolls of remove curse {unknown}
 h - a scroll of immolation {unknown}
 k - 2 scrolls of teleportation {unknown}
 l - a scroll of amnesia {unknown}
 m - 2 scrolls of magic mapping {unknown}
 o - a scroll of fog {unknown}
Potions
 e - a potion of flight {unknown}
 i - a potion of curing {unknown}
 j - a potion of cancellation
 n - a potion of might {unknown}
 q - 2 potions of invisibility {unknown}
 r - a potion of ambrosia {unknown}
Comestibles
 d - 6 rations
 s - 2 chunks of flesh


   Skills:
 - Level 2.0 Fighting
 + Level 7.4 Long Blades
 - Level 2.0 Throwing
 - Level 3.0 Dodging


You had 5 spell levels left.
You didn't know any spells.
Your spell library contained the following spells:

 Spells                   Type           Power        Failure   Level  Hunger
 Corona                   Hex            #......      36%         1    ##.....
 Ensorcelled Hibernation  Hex/Ice        #.....       50%         2    ###....
 Confuse                  Hex            #.......     75%         3    ####...
 Dazzling Spray           Conj/Hex       #.....       75%         3    ####...
 Tukima's Dance           Hex            #.......     75%         3    ####...


Dungeon Overview and Level Annotations

Branches:
Dungeon (4/15)
 Temple: D:4-7

Altars:
Fedhas


Innate Abilities, Weirdness & Mutations

You cannot wear most types of armour.
You are very stealthy in the water. (Stealth+)
You are amphibious.
You can wear up to eight rings at the same time.
You can use your tentacles to constrict eight enemies at once.
Your skin changes colour to match your surroundings (Stealth+).
Your rubbery body absorbs attacks. (AC +1, EV +1)


Message History

You grab the ball python. The ball python misses you.
You slash the ball python!
You kill the ball python!
A hound comes into view.
You see here a ball python corpse.
You butcher the ball python corpse.
Things that are here:
2 chunks of flesh; a ball python skeleton
s - 2 chunks of flesh
There is a stone staircase leading up here.
You closely miss the hound. Your grab misses the hound. The hound bites you. x2
* * * LOW HITPOINT WARNING * * *
You miss the hound. You grab the hound. You constrict the hound.
The hound bites you.
* * * LOW HITPOINT WARNING * * *
Unknown command.
You barely miss the hound. You squeeze the hound.
The hound is heavily wounded.
You constrict the hound. The hound bites you.
You die...

### ..# #.# #.#
######.#######
#....@h.......
#............#
###....รท.....#.
.............#
####...###....#
....... #.....
..##### ..... .
.>.. ##.


You could see a hound.

Vanquished Creatures
  Sigmund (D:3)
  A howler monkey (D:4)
  A hound (D:4)
  An orc wizard (D:3)
  3 adders
  2 worms
  2 dart slugs
  5 leopard geckos
  3 orcs (D:3)
  8 giant cockroaches
  9 goblins
  8 hobgoblins
  16 jackals
  A quokka (D:3)
  3 ball pythons
  8 bats
  6 frilled lizards
  8 kobolds
  5 rats
91 creatures vanquished.

Notes
Turn   | Place    | Note
-------+----------+-------------------------------------------
     0 | D:1      | t4s4d4r the Octopode Gladiator began the quest for the Orb.
     0 | D:1      | Reached XP level 1. HP: 14/14 MP: 1/1
    93 | D:1      | Reached XP level 2. HP: 19/19 MP: 2/2
   175 | D:1      | Reached skill level 4 in Long Blades
   273 | D:1      | Reached XP level 3. HP: 24/24 MP: 3/3
   825 | D:2      | Noticed a sky beast
   852 | D:2      | Reached XP level 4. HP: 27/29 MP: 4/4
  1218 | D:2      | Reached skill level 5 in Long Blades
  2157 | D:3      | Noticed Sigmund
  2162 | D:3      | Killed Sigmund
  2162 | D:3      | Reached skill level 6 in Long Blades
  2162 | D:3      | Reached XP level 5. HP: 34/34 MP: 5/5
  2162 | D:3      | Reached XP level 6. HP: 39/39 MP: 6/6
  2643 | D:3      | Reached skill level 7 in Long Blades
  3049 | D:3      | Found a blossoming altar of Fedhas.
  3130 | D:4      | Slain by a hound

Skill      XL: |  1  2  3  4  5  6 |
---------------+-------------------+-----
Long Blades    | 4 6 7 |  7.4
Fighting       | |  2.0
Throwing       | |  2.0
Dodging        | |  3.0

Action                   |  1- 3 |  4- 6 || total
-------------------------+-------+-------++-------
Melee: Long sword        |    50 |   102 ||   152
       Constrict         |    19 |    31 ||    50
       Tentacles         |     5 |    23 ||    28
Throw: Throwing net      |       |     2 ||     2
  Use: Potion            |       |     1 ||     1
 Stab: Sleeping          |     7 |     2 ||     9
  Eat: Chunk             |       |     6 ||     6
Armor: Skin              |    10 |     2 ||    12
Dodge: Dodged            |    40 |    85 ||   125
       Rpst.: Long sword |    11 |    22 ||    33
